 Dungeon Crawl Stone Soup version 0.19.1 (webtiles) character file.

100549 sveltemanboy the Severer (level 16, 0/134 HPs)
             Began as a Hill Orc Monk on Dec 16, 2016.
             Was the Champion of Beogh.
             Slain by a ghost moth (7 damage)
             ... on level 4 of the Spider Nest on Dec 19, 2016.
             The game lasted 01:25:35 (27821 turns).

sveltemanboy the Severer (Hill Orc Monk)           Turns: 27821, Time: 01:25:36

Health: 0/134      AC: 21    Str: 18 (21) XL:     16   Next: 28%
Magic:  0/28       EV:  8    Int: 10      God:    Beogh [******]
Gold:   1729       SH:  0    Dex: 12 (16) Spells: 0 memorised, 15 levels left

rFire  + + .     SeeInvis .     J - +2 battleaxe (flame)
rCold  . . .     Gourm    .     e - +3 ring mail {rF+}
rNeg   . . .     Faith    .     (shield currently unavailable)
rPois  +         Spirit   .     d - +0 helmet
rElec  .         Reflect  +     C - +0 cloak
rCorr  .         Harm     .     F - +2 pair of gloves {Dex+3}
MR     +....                    U - +1 pair of boots {run}
Stlth  +.........               K - +4 amulet of reflection
                                p - ring of poison resistance
                                D - ring "Jifol" {rF+ Slay+2}

@: held, hasted, very quick
A: walk on water, yellow scales 1, sturdy frame 2
a: Smiting, Recall Orcish Followers, Give Item to Named Follower, Resurrection,
Renounce Religion


You were on level 4 of the Spider Nest.
You worshipped Beogh.
Beogh was exalted by your worship.
You were very hungry.

You visited 4 branches of the dungeon, and saw 24 of its levels.
You also visited: Sewer, Bailey and Ice Cave.

You collected 2985 gold pieces.
You spent 1256 gold pieces at shops.

Inventory:

Hand Weapons
 n - the +3 trident of Valuable Assets {pierce, *Slow Dex+4, unknown}
   (You found it on level 1 of the Lair of Beasts)

   It inflicts extra damage upon your enemies.
   It affects your dexterity (+4).
   It may slow you when you take damage.
 J - a +2 battleaxe of flaming (weapon)
Missiles
 w - 9 poisoned tomahawks (quivered)
 y - 5 throwing nets
Armour
 d - a +0 helmet (worn)
 e - a +3 ring mail of fire resistance (worn)
 C - a +0 cloak (worn)
 F - a +2 pair of gloves of dexterity (worn)
 U - a +1 pair of boots of running (worn)
Jewellery
 h - an uncursed ring of ice
 p - a ring of poison resistance (right hand)
 D - the ring "Jifol" (left hand) {rF+ Slay+2}
   (You bought it in a shop on level 12 of the Dungeon)

   [ring of protection from fire]

   It affects your accuracy and damage with ranged weapons and melee attacks
   (+2).
   It protects you from fire.
 K - a +4 amulet of reflection (around neck)
 S - an uncursed ring of protection from magic
Wands
 m - a wand of paralysis (5/24)
 s - a wand of teleportation (3/9)
 v - a wand of iceblast (9/15)
 x - a wand of hasting (3/9)
 L - a wand of digging (14/24)
 P - a wand of enslavement (13/24)
 Q - a wand of iceblast (12/15)
Scrolls
 f - a scroll of magic mapping
 g - 5 scrolls of recharging
 u - 6 scrolls of fear
 B - a scroll of amnesia
 E - 6 scrolls of enchant weapon
 G - 10 scrolls of remove curse
 I - 3 scrolls of teleportation
 M - 2 scrolls of blinking
 N - a scroll of holy word
 T - 2 scrolls of enchant armour
Potions
 a - 3 potions of flight
 i - a potion of cure mutation
 q - 3 potions of haste
 r - 2 potions of lignification
 t - 9 potions of curing
 Z - a potion of cancellation
Miscellaneous
 X - a fan of gales
Comestibles
 b - 9 slices of pizza
 c - 11 bread rations
 j - 7 beef jerkies
 o - 10 meat rations
 H - 28 fruits


   Skills:
 - Level 10.0 Fighting
 - Level 20.6 Axes
 - Level 12.0 Armour
 + Level 9.6 Dodging
 - Level 1.5 Stealth
 + Level 17.7 Invocations
 + Level 5.3 Evocations


You had 15 spell levels left.
You didn't know any spells.

Dungeon Overview and Level Annotations

Branches:
Dungeon (12/15)            Temple (0/1) D:6            Lair (6/6) D:10
 Shoals (0/4) Lair:3       Spider (4/4) Lair:3        Slime (0/5) Lair:5
    Orc (2/2) D:11            Elf (0/3) Orc:2

Altars:
Ashenzari
Gozag
Hepliaklqana
Kikubaaqudgha
Makhleb
Okawaru
Trog
Uskayaw
Vehumet
Xom
Beogh
Jiyva

Shops:
D:4 [   D:12 %?=(?   Orc:2 [(?*

Portals:
Hell: Lair:6


Innate Abilities, Weirdness & Mutations

You can walk on water.
You are partially covered in yellow scales. (AC +2)
Your movements are less encumbered by armour. (ER -4)


Message History

Something stings you but does no damage.
You feel you are being watched by something.
Brandogh hits something but does no damage.
You feel you are being watched by something. @player_only@ Something barely misses Brandogh.
Something hits Brandogh but does no damage.
Something stings Brandogh but does no damage.
The jumping spider barely misses you. x2
Oruk hits the demonic crawler with a +2 trident!!
Your orc priest hits the demonic crawler.
Oruk blocks the demonic crawler's attack. x2
The demonic crawler hits Oruk but does no damage.
Oruk blocks the demonic crawler's attack.
The demonic crawler closely misses Oruk.
The demonic crawler hits Oruk!
Something hits your orc priest.
Something completely misses your orc priest.
Something barely misses your orc priest.
You feel you are being watched by something.
Something hits you but does no damage. x2; Something stings you!
You die...

.#...###
#.#..^# ##..##
#####.#..##
#.[##
#.^.†..### #.^#
#.####..# ##.#
##. ##.## #..#
#...# #..^#
...#
......#..≈###
....
....#.o§s#≈#
^.#..
#...{@§§###
^....
#...{oo.^.#
≈≈≈≈≈
≈≈≈....#ss{.^≈#
≈≈≈≈≈
≈≈≈≈...#s^.#^##
≈≈≈≈≈
≈≈≈≈≈≈....y#..#
≈≈≈##
##≈≈≈≈≈#.s....#
≈###
##≈≈≈≈.......#
≈#
##≈≈≈..^....^
## ≈...#..%.#


You could see 3 demonic crawlers, a wolf spider, a hornet, a jumping spider, the
friendly Oruk the orc warlord, the friendly Brandogh the orc knight and a
friendly orc priest.

Vanquished Creatures
  Agnes (Spider:3)
  An emperor scorpion (Spider:1)
  An entropy weaver (Spider:2)
  A dire elephant (Lair:6)
  An ogre mage (D:12)
  8 hydras
  The ghost of Uhlv the Grappler, a novice TrHu of Okawaru (Bailey)
  3 death yaks (Lair:6)
  An orc high priest (Orc:2)
  Sonja (D:10)
  The ghost of Philosophy the Shield-Bearer, a novice FoFi of Cheibriados (D:6)
  An unseen horror (D:11)
  A wizard (Lair:6)
  A phantasmal warrior (D:12)
  11 wolf spiders
  6 orb spiders
  A deep elf mage (D:12)
  2 ugly things
  A cyclops (D:12)
  2 moths of wrath (Spider:4)
  2 elephants (Lair:3)
  A black mamba (Lair:4)
  2 orange demons (Lair:6)
  3 spiny frogs
  A centaur skeleton (D:11)
  4 torpor snails
  A kobold demonologist (D:11)
  A gargoyle (D:12)
  4 demonic crawlers
  A rime drake (Lair:3)
  5 komodo dragons
  A hellwing (Lair:6)
  6 ice devils
  11 jumping spiders
  A polar bear (Lair:6)
  A troll (D:12)
  A hornet (Spider:4)
  7 blink frogs
  7 hippogriffs
  A redback (shapeshifter) (D:12)
  24 tarantellas
  19 yaks
  2 basilisks
  27 redbacks
  3 hogs (D:7)
  A human (D:7)
  2 wyverns
  10 water moccasins
  2 porcupines
  A phantom (D:11)
  13 orc warriors
  A black bear (D:9)
  2 ice beasts
  6 ogres
  A necrophage (D:10)
  10 wolves
  9 centaurs
  8 crocodiles
  8 big kobolds
  6 bullfrogs
  A gnoll sergeant (D:4)
  2 scorpions
  11 killer bees (D:8)
  3 electric eels
  3 howler monkeys
  A centaur zombie (D:12)
  6 crimson imps
  The ghost of empire the Grave Robber, a weakling DENe (D:3)
  A bullfrog zombie (D:7)
  2 quasits
  3 bullfrog skeletons
  2 gnoll shamans
  12 hounds
  3 jellies
  3 orc priests
  3 iguanas
  8 orc wizards
  6 worker ants
  A hound skeleton (D:8)
  A worker ant zombie (D:7)
  60 gnolls
  15 adders
  6 river rats (Sewer)
  A shadow imp (D:12)
  2 oozes
  2 adder skeletons (D:5)
  5 worms
  4 dart slugs
  5 leopard geckos
  10 orcs
  5 ball pythons
  15 giant cockroaches
  8 goblins
  9 hobgoblins
  24 jackals
  31 kobolds
  3 quokkas
  8 bats
  8 frilled lizards
  A jackal zombie (D:5)
  27 rats
  5 fungi
  4 plants
593 creatures vanquished.

Vanquished Creatures (collateral kills)
  Arachne (Spider:2)
  Asterion (Spider:4)
  The ghost of Milesaru the Brawler, an adept TrMo of Okawaru (Spider:3)
  A sphinx (D:12)
  Louise (Spider:3)
  An orc warlord (Orc:2)
  2 emperor scorpions
  The ghost of Vajrapani the Martial Artist, a journeyman DsFi of Uskayaw (D:12)
  A stone giant (Orc:1)
  A dire elephant (Lair:6)
  The ghost of Quirk the Severer, a journeyman MiFi of Okawaru (Lair:5)
  Snorg (Orc:2)
  An ettin (Orc:1)
  Erolcha (Orc:2)
  A hydra (Lair:6)
  A centaur warrior (D:12)
  A death knight (D:12)
  3 death yaks (Lair:6)
  A sun demon (Lair:6)
  An orc knight (Orc:2)
  2 hill giants (D:11)
  A necromancer (D:12)
  15 orb spiders
  An orc sorcerer (Orc:2)
  A cyclops (D:11)
  14 wolf spiders
  A deep elf mage (D:10)
  A manticore (D:12)
  An ugly thing (D:11)
  2 elephants
  2 centaur zombies (D:11)
  3 black mambas
  2 moths of wrath
  A smoke demon (Lair:6)
  An orange demon (Lair:6)
  4 spiny frogs
  2 centaur skeletons
  2 rime drakes (Lair:6)
  3 komodo dragons
  9 demonic crawlers
  2 ice devils (Lair:6)
  2 red devils (Lair:6)
  3 meliai (Spider:2)
  5 trolls
  14 jumping spiders
  4 hornets
  4 blink frogs
  A hippogriff (Lair:4)
  A dream sheep (Lair:6)
  18 tarantellas
  A shadow (D:12)
  30 redbacks
  A wyvern (D:11)
  17 yaks
  2 basilisks
  A hungry ghost (D:10)
  4 wargs
  6 water moccasins
  A sky beast (D:11)
  7 orc warriors
  4 porcupines
  A black bear (D:9)
  A phantom (D:9)
  6 wolves
  5 centaurs
  4 ogres
  2 crocodiles (Lair:1)
  12 big kobolds (D:11)
  3 bullfrogs
  A killer bee (D:11)
  An electric eel (Lair:4)
  A crimson imp (D:10)
  A quasit (D:10)
  3 orc priests
  2 jellies
  An iguana (D:10)
  6 orc wizards
  2 worker ants
  2 worker ant zombies
  A gnoll (D:11)
  An adder (D:11)
  A shadow imp (D:12)
  A leopard gecko (D:9)
  12 orcs
  A kobold (D:11)
290 creatures vanquished.

Vanquished Creatures (others)
  2 orc knights
  2 orc high priests
  11 orc warriors
  9 orc wizards
  2 orc priests
  61 orcs
  4 fungi (Lair:4)
  2 plants (Lair:6)
93 creatures vanquished.

Grand Total: 976 creatures vanquished

Notes
Turn   | Place    | Note
-------+----------+-------------------------------------------
     0 | D:1      | sveltemanboy the Hill Orc Monk began the quest for the Orb.
     0 | D:1      | Reached XP level 1. HP: 19/19 MP: 1/1
   323 | D:1      | Reached XP level 2. HP: 26/26 MP: 2/2
   577 | D:1      | Reached skill level 1 in Armour
   743 | D:2      | Reached skill level 5 in Axes
   749 | D:2      | Reached XP level 3. HP: 30/31 MP: 3/3
  1046 | D:2      | Reached XP level 4. HP: 37/39 MP: 4/4
  1336 | D:2      | Reached skill level 6 in Axes
  1579 | D:3      | Reached XP level 5. HP: 45/45 MP: 5/5
  2040 | D:3      | Noticed empire's ghost (weakling DENe)
  2066 | D:3      | Killed empire's ghost
  2293 | D:3      | Found a shimmering altar of Xom.
  2293 | D:3      | Found an ancient bone altar of Kikubaaqudgha.
  2376 | D:3      | Reached skill level 7 in Axes
  2500 | D:4      | Reached XP level 6. HP: 38/51 MP: 6/6
  2763 | D:4      | Reached skill level 8 in Axes
  2799 | D:4      | Found a glowing drain.
  2807 | Sewer    | Entered a sewer
  3241 | Sewer    | Reached skill level 9 in Axes
  3380 | Sewer    | Reached XP level 7. HP: 55/57 MP: 7/7
  3845 | D:4      | Reached skill level 10 in Axes
  3979 | D:4      | Found Iddenny's Antique Armour Emporium.
  3982 | D:4      | Bought a pair of embroidered gloves for 283 gold pieces
  4249 | D:4      | Found a bloodstained altar of Trog.
  4426 | D:4      | Reached skill level 11 in Axes
  4509 | D:4      | Reached XP level 8. HP: 23/64 MP: 8/8
  4860 | D:4      | Reached skill level 12 in Axes
  5417 | D:5      | Entered Level 5 of the Dungeon
  5523 | D:5      | Found a shattered altar of Ashenzari.
  5571 | D:5      | Reached skill level 13 in Axes
  5695 | D:5      | Found a hide-covered altar of Uskayaw.
  5763 | D:5      | Found a radiant altar of Vehumet.
  6094 | D:6      | Reached XP level 9. HP: 71/71 MP: 9/9
  6186 | D:6      | Found an opulent altar of Gozag.
  6225 | D:6      | Found a staircase to the Ecumenical Temple.
  6402 | D:6      | Became a worshipper of Beogh the Brigand
  6402 | D:6      | Reached * piety under Beogh
  6402 | D:6      | Reached ** piety under Beogh
  6419 | D:6      | Noticed Philosophy's ghost (novice FoFi)
  6463 | D:6      | Killed Philosophy's ghost
  6463 | D:6      | Reached skill level 14 in Axes
  6542 | D:6      | Found an iron altar of Okawaru.
  6589 | D:6      | Reached skill level 15 in Axes
  6785 | D:7      | Noticed a purple ugly thing
  6804 | D:7      | Killed a purple ugly thing
  7097 | D:7      | Reached skill level 1 in Invocations
  7097 | D:7      | Reached XP level 10. HP: 78/78 MP: 10/10
  7491 | D:7      | Reached skill level 16 in Axes
  7491 | D:7      | Reached skill level 5 in Dodging
  8070 | D:8      | Reached *** piety under Beogh
  8450 | D:8      | Found a hazy altar of Hepliaklqana.
  8630 | D:8      | Reached skill level 5 in Invocations
  9379 | D:10     | Entered Level 10 of the Dungeon
  9379 | D:10     | Found a flagged portal.
  9381 | D:10     | Noticed a deep elf mage
  9390 | D:10     | Noticed Sonja
  9399 | D:9      | Reached skill level 17 in Axes
  9429 | D:10     | Reached XP level 11. HP: 73/84 MP: 15/15
  9434 | D:10     | Killed Sonja
  9474 | D:10     | Got a steaming hand axe
  9475 | D:10     | Identified the cursed +1 hand axe of the Mushroom {venom, *Drain rN+ SInv} (You found it on level 10 of the Dungeon)
  9493 | Bailey   | Entered a bailey
  9545 | Bailey   | Noticed Uhlv's ghost (novice TrHu)
  9558 | Bailey   | Killed Uhlv's ghost
  9656 | Bailey   | Found a burning altar of Makhleb.
  9835 | D:10     | Found a staircase to the Lair.
  9841 | D:10     | Got a crude whip
  9843 | D:10     | Identified the cursed +0 whip of the Moth {drain, rN+} (You found it on level 10 of the Dungeon)
 10348 | D:10     | Killed a deep elf mage
 10348 | D:10     | Reached skill level 18 in Axes
 10698 | D:11     | Noticed a green ugly thing
 10718 | D:11     | Killed a green ugly thing
 10728 | D:11     | Noticed a hill giant
 10736 | D:11     | Killed a hill giant
 10764 | D:11     | Found a staircase to the Orcish Mines.
 10828 | D:11     | Reached **** piety under Beogh
 10832 | D:11     | Gained Wulfoc as an ally
 10971 | D:11     | Noticed a seven-headed hydra
 10981 | D:11     | Killed a seven-headed hydra
 11465 | D:11     | Killed an unseen horror
 11553 | D:11     | Noticed a cyclops
 11554 | D:11     | Noticed a hill giant
 11564 | D:11     | Killed a cyclops
 11570 | D:11     | Killed a hill giant
 11570 | D:11     | Reached skill level 19 in Axes
 11587 | D:11     | Your ally Wulfoc died
 11639 | D:11     | Reached XP level 12. HP: 50/91 MP: 19/19
 11986 | D:12     | Noticed a death knight
 12016 | D:12     | Killed a death knight
 12016 | D:12     | Reached skill level 10 in Invocations
 12309 | D:12     | Noticed a sphinx
 12325 | D:12     | Killed a sphinx
 12325 | D:12     | Gained Oruk as an ally
 12586 | Lair:1   | Entered Level 1 of the Lair of Beasts
 12603 | Lair:1   | Reached skill level 20 in Axes
 12776 | Lair:1   | Reached ***** piety under Beogh
 12978 | Lair:1   | Got a heavily runed crystal amulet
 12979 | Lair:1   | Identified the amulet of Megalomania {Gourm Int+2} (You found it on level 1 of the Lair of Beasts)
 13172 | Lair:1   | Noticed a four-headed hydra
 13177 | Lair:1   | Killed a three-headed hydra
 13253 | Lair:1   | Got a scorched trident
 13276 | Lair:1   | Noticed an eight-headed hydra
 13283 | Lair:1   | Killed a six-headed hydra
 13997 | Lair:2   | Found a frozen archway.
 14053 | IceCv    | Entered an ice cave
 14065 | IceCv    | Noticed bananaglory's ghost (adept TeAs)
 14445 | Lair:2   | Reached skill level 5 in Fighting
 14482 | Lair:2   | Found a shattered altar of Ashenzari.
 14591 | Lair:2   | Reached XP level 13. HP: 53/100 MP: 21/21
 15255 | Lair:3   | Reached skill level 5 in Armour
 15374 | Lair:3   | Found a staircase to the Shoals.
 15464 | Lair:3   | Found a hole to the Spider Nest.
 17013 | Lair:5   | Noticed Quirk's ghost (journeyman MiFi)
 17033 | Lair:5   | Killed Quirk's ghost
 17593 | Lair:5   | Found a viscous altar of Jiyva.
 17593 | Lair:5   | Found a staircase to the Slime Pits.
 18066 | Lair:6   | Entered Level 6 of the Lair of Beasts
 18265 | Lair:6   | Reached XP level 14. HP: 109/118 MP: 24/24
 18443 | Lair:6   | Noticed a dire elephant
 18454 | Lair:6   | Killed a dire elephant
 18625 | Lair:6   | Reached ****** piety under Beogh
 18644 | Lair:6   | Noticed a dire elephant
 18653 | Lair:6   | Killed a dire elephant
 18784 | Lair:6   | Found a burning altar of Makhleb.
 18986 | Lair:6   | Reached skill level 10 in Fighting
 18996 | Lair:6   | Found a gateway to Hell.
 19676 | Orc:1    | Entered Level 1 of the Orcish Mines
 19676 | Orc:1    | Noticed a stone giant
 19684 | Orc:1    | Killed a stone giant
 20031 | Orc:2    | Entered Level 2 of the Orcish Mines
 20116 | Orc:2    | Found a staircase to the Elven Halls.
 20126 | Orc:2    | Found a roughly hewn altar of Beogh.
 20167 | Orc:2    | Noticed Snorg
 20180 | Orc:2    | Killed Snorg
 20331 | Orc:2    | Found a roughly hewn altar of Beogh.
 20343 | Orc:2    | Found Tikloz's General Store.
 20393 | Orc:2    | Found a roughly hewn altar of Beogh.
 20417 | Orc:2    | Reached skill level 10 in Armour
 20442 | Orc:2    | Noticed Erolcha
 20442 | Orc:2    | Found a roughly hewn altar of Beogh.
 20459 | Orc:2    | Killed Erolcha
 20464 | Orc:2    | Found Jaanuixa's Magic Scroll Shop.
 20540 | Orc:2    | Noticed an orc warlord
 20555 | Orc:2    | Killed an orc warlord
 20555 | Orc:2    | Reached skill level 15 in Invocations
 20570 | Orc:2    | Found Guqaanon's Antique Weapon Shop.
 20571 | Orc:2    | Found a roughly hewn altar of Beogh.
 20572 | Orc:2    | Found Fysir's Antique Armour Boutique.
 20741 | Orc:2    | Found a roughly hewn altar of Beogh.
 21099 | Orc:1    | Gained Zorug as an ally
 21301 | D:12     | Found Piorenex's Magic Scroll Boutique.
 21309 | D:12     | Found Zutz's Weapon Boutique.
 21312 | D:12     | Bought a scroll of fog for 26 gold pieces
 21312 | D:12     | Bought a scroll of holy word for 97 gold pieces
 21314 | D:12     | Gained mutation: Your movements are slightly less encumbered by armour. (ER -2) [potion of mutation]
 21314 | D:12     | Gained mutation: You are partially covered in yellow scales. (AC +2) [potion of mutation]
 21314 | D:12     | Gained mutation: Your movements are less encumbered by armour. (ER -4) [potion of mutation]
 21413 | D:12     | Found Ussocyurr's Magic Scroll Shop.
 21448 | D:12     | Noticed Vajrapani's ghost (journeyman DsFi)
 21453 | D:12     | Killed Vajrapani's ghost
 21519 | D:12     | Gained Brandogh as an ally
 21553 | D:12     | Found Symi's Food Shop.
 21629 | D:12     | Found Qepsu's Jewellery Shop.
 21643 | D:12     | Bought a +4 amulet of reflection for 325 gold pieces
 21646 | D:12     | Bought the ring "Jifol" {rF+ Slay+2} for 525 gold pieces
 22035 | Spider:1 | Entered Level 1 of the Spider Nest
 22381 | Spider:1 | Noticed an emperor scorpion
 22394 | Spider:1 | Killed an emperor scorpion
 22701 | Spider:1 | Reached XP level 15. HP: 115/126 MP: 26/26
 22763 | Spider:1 | Gained Borgun as an ally
 22791 | Spider:1 | Your ally Borgun died
 23175 | Spider:1 | Identified a +1 pair of boots of running (You found it on level 1 of the Spider Nest)
 23855 | Spider:2 | Noticed Arachne
 23862 | Spider:2 | Killed Arachne
 24815 | Spider:3 | Noticed Agnes
 24825 | Spider:3 | Killed Agnes
 24882 | Spider:3 | Noticed Milesaru's ghost (adept TrMo)
 24891 | Spider:3 | Killed Milesaru's ghost
 24908 | Spider:3 | Noticed Louise
 24920 | Spider:3 | Killed Louise
 24920 | Spider:3 | Reached skill level 1 in Evocations
 25286 | Spider:3 | Noticed an emperor scorpion
 25312 | Spider:3 | Killed an emperor scorpion
 25379 | Spider:3 | Your ally Zorug died
 25904 | Spider:4 | Entered Level 4 of the Spider Nest
 26186 | Spider:4 | Noticed Asterion
 26206 | Spider:4 | Killed Asterion
 26219 | Spider:4 | Reached XP level 16. HP: 72/134 MP: 28/28
 26234 | Spider:4 | Paralysed by a hornet for 3 turns
 26776 | Spider:4 | Gained Judas as an ally
 26877 | Spider:4 | Your ally Judas died
 27593 | Spider:4 | Reached skill level 5 in Evocations
 27752 | Spider:4 | Identified Fuibug's Guide on Enchantment and Clay
 27821 | Spider:4 | Slain by a ghost moth

Skill      XL: |  1  2  3  4  5  6  7  8  9 10 11 12 13 14 15 16 |
---------------+-------------------------------------------------+-----
Armour         | 1 2 3 4 8 10 12 | 12.0
Axes           | 5 6 7 9 11 13 15 17 19 20 | 20.6
Fighting       | 4 5 9 10 | 10.0
Dodging        | 4 5 7 9 |  9.6
Invocations    | 1 6 9 11 13 15 17 | 17.7
Evocations     | 3 5 |  5.3
Stealth        | |  1.5

Action                   |  1- 3 |  4- 6 |  7- 9 | 10-12 | 13-15 | 16-18 || total
-------------------------+-------+-------+-------+-------+-------+-------++-------
Melee: Hand axe          |   119 |   304 |    38 |    40 |       |       ||   501
       Whip              |       |       |   512 |   608 |       |       ||  1120
       Battleaxe         |       |       |       |   130 |   797 |   112 ||  1039
Throw: Tomahawk          |       |     4 |     5 |    17 |       |       ||    26
Invok: Convert to Beogh  |       |       |     1 |       |       |       ||     1
       Smiting           |       |       |       |     4 |       |       ||     4
       Recall Orcish Fol |       |       |       |     1 |     5 |     3 ||     9
       Give Item to Name |       |       |       |     1 |     1 |       ||     2
       Stop Recall       |       |       |       |       |     3 |     2 ||     5
Evoke: Wand              |       |       |       |     2 |       |       ||     2
  Use: Scroll            |       |     7 |     3 |    13 |     9 |     2 ||    34
       Potion            |       |     2 |     3 |    10 |     2 |     4 ||    21
 Stab: Distracted        |       |       |     1 |     2 |    11 |     1 ||    15
       Sleeping          |       |       |     1 |       |       |       ||     1
       Confused          |       |       |       |     1 |       |       ||     1
  Eat: Chunk             |     1 |     8 |    12 |    35 |    25 |     4 ||    85
       Royal jelly       |       |       |       |       |     1 |       ||     1
Armor: Ring mail         |    45 |   151 |   185 |   271 |   355 |    93 ||  1100
Dodge: Dodged            |    61 |   166 |   271 |   456 |   493 |   127 ||  1574
Block: Other             |       |       |       |       |    60 |    34 ||    94
       Reflection        |       |       |       |       |     3 |       ||     3
